 Dungeon Crawl Stone Soup version 0.29.1-1-gd02db6906a (webtiles) character file.

Game seed: 4774787101178181712

7665 themarg the Destroyer (level 11, -2/71 HPs)
             Began as a Tengu Conjurer on Sept 18, 2022.
             Was a Follower of Vehumet.
             Slain by a wolf (6 damage)
             ... on level 2 of the Lair of Beasts.
             The game lasted 01:24:59 (14334 turns).

themarg the Destroyer (Tengu Conjurer)             Turns: 14334, Time: 01:24:59

Health: -2/71      AC:  3    Str:  9    XL:     11   Next: 18%
Magic:  13/22      EV: 16    Int: 24    God:    Vehumet [*.....]
Gold:   620        SH:  0    Dex: 12    Spells: 5/24 levels left

rFire   + . .      SeeInvis .   k - +5 mace of the End of Times {vorpal, rPois rF+ Int+2}
rCold   . . .      Faith    .   (no shield)
rNeg    . . .      Spirit   .   a - +0 robe
rPois   +          Reflect  .   (helmet restricted)
rElec   .          Harm     .   (no cloak)
rCorr   .          Rampage  .   l - +0 pair of gloves
Will    .....                   (boots unavailable)
Stlth   +.........              (no amulet)
HPRegen 0.21/turn               (no ring)
MPRegen 0.18/turn               (no ring)

@: silenced, flying quickly and evasively, quick
A: beak, talons 3, nimble flight
a: Renounce Religion


You were on level 2 of the Lair of Beasts.
You worshipped Vehumet.
Vehumet was aware of your devotion.
You visited 3 branches of the dungeon, and saw 11 of its levels.
You also visited: Sewer.

You collected 642 gold pieces.
You spent 22 gold pieces at shops.

Inventory:

Hand Weapons
 j - a +1 dagger of protection
 k - the +5 mace of the End of Times (weapon) {vorpal, rPois rF+ Int+2}
   (You found it on level 2 of the Dungeon)

   It inflicts extra damage upon your enemies.
   Int:       It affects your intelligence (+2).
   rF:        It protects you from fire.
   rPois:     It protects you from poison.
Missiles
 f - 8 poisoned darts
 z - a throwing net
Armour
 a - a +0 robe (worn)
 l - a +0 pair of gloves (worn)
Wands
 e - a wand of polymorph (5)
 B - a wand of flame (17)
Scrolls
 h - a scroll of summoning
 o - 2 scrolls of enchant weapon
 q - 2 scrolls of poison
 r - a scroll of amnesia
 v - 3 scrolls of vulnerability
 y - a scroll of noise {unknown}
 D - a scroll of fear
Potions
 d - a potion of attraction
 g - 3 potions of might
 i - 3 potions of mutation
 n - 4 potions of flight
 p - 2 potions of degeneration
 t - a potion of berserk rage
 u - a potion of resistance
 x - 2 potions of brilliance
 A - 2 potions of haste


   Skills:
 + Level 9.6 Fighting
 - Level 5.0 Dodging
 - Level 3.0 Stealth
 - Level 7.0 Spellcasting
 + Level 13.1 Conjurations
 - Level 2.0 Hexes
 - Level 2.0 Translocations
 + Level 4.4 Fire Magic


You had 5 spell levels left.
You knew the following spells:

 Your Spells              Type           Power      Damage    Failure   Level
a - Magic Dart            Conj           100%       1d8       1%          1
b - Searing Ray           Conj           100%       2d8       1%          2
c - Stone Arrow           Conj/Erth      78%        3d11      1%          3
d - Fulminant Prism       Conj/Hex       22%        3d13      3%          4
e - Iskenderun's Mystic   Conj/Tloc      44%        2d10      3%          4
f - Fireball              Conj/Fire      25%        3d11      5%          5

Your spell library contained the following spells:

 Spells                   Type           Power      Damage    Failure   Level
 Freeze                   Ice            32%        1d5       7%          1
 Dazzling Flash           Conj/Hex       88%        N/A       1%          3
 Blink                    Tloc           36%        N/A       4%          2
 Sandblast                Erth           16%        2d6       7%          1
 Ensorcelled Hibernation  Hex/Ice        26%        N/A       7%          2
 Passwall                 Tmut/Erth      6%         N/A       11%         2
 Swiftness                Air            8%         N/A       22%         3
 Animate Armour           Summ/Erth      16%        N/A       56%         4
 Summon Ice Beast         Ice/Summ       8%         N/A       56%         4
 Manifold Assault         Tloc           18%        N/A       65%         5
 Silence                  Hex/Air        6%         N/A       78%         5
 Summon Mana Viper        Hex/Summ       13%        N/A       78%         5
 Agony                    Necr           8%         N/A       89%         5
 Starburst                Conj/Fire      25%        6d8       30%         6
 Monstrous Menagerie      Summ           4%         N/A       100%        7
 Storm Form               Tmut/Air       4%         N/A       100%        7
 Ignition                 Fire           14%        3d6       100%        8
 Lehudib's Crystal Spear  Conj/Erth      19%        10d6      100%        8


Dungeon Overview and Level Annotations

Branches:
Dungeon (8/15)             Temple (1/1) D:7            Lair (2/5) D:8
  Sewer (visited)
  Swamp: Lair:2-3    Shoals: Lair:2-3     Snake: Lair:2-3    Spider: Lair:2-3

Altars:
Ashenzari
Cheibriados
Dithmenos
Elyvilon
Fedhas
Gozag
Hepliaklqana
Kikubaaqudgha
Makhleb
Nemelex Xobeh
Okawaru
Qazlal
Sif Muna
Trog
Uskayaw
Vehumet
Wu Jian
Xom
Yredelemnul
Zin
The Shining One

Shops:
D:1 **(   D:8 ?

Annotations:
D:5 Sigmund
D:8 exclusion: acid dragon
Temple 2 transporters


Innate Abilities, Weirdness & Mutations

You have a beak for a mouth.
You have claws for feet.
Your magical nature lets you fly swiftly and evasively.


Message History

Aim: a wolf
Okay, then.
Casting: Fulminant Prism (dangerous; 3% risk of failure)
Confirm with . or Enter, or press ? or * to list all spells.
You erupt in a blast of force!
The mystic blast hits the wolf.
The wolf is lightly wounded.
The wolf is knocked back by the mystic blast.
The centaur barely misses your butterfly.
The centaur kicks your butterfly.
Your butterfly dies!
Your butterfly disappears in a burst of colours!
You see here a cane toad corpse.
The wolf attacks as you move away! The wolf bites you.
* * * LOW HITPOINT WARNING * * *
Casting: Iskenderun's Mystic Blast (dangerous; 3% risk of failure)
Confirm with . or Enter, or press ? or * to list all spells.
Aiming: Fulminant Prism (dangerous; 3% risk of failure)
Press: ? - help, Dir - move target, f - wolf
Aim: a wolf (lightly wounded)
Okay, then.
Casting: Fulminant Prism (dangerous; 3% risk of failure)
Confirm with . or Enter, or press ? or * to list all spells.
You erupt in a blast of force!
The mystic blast hits the wolf!
The wolf is severely wounded.
The wolf is knocked back by the mystic blast.
The centaur wields a +0 shortbow.
The centaur shoots an arrow.
The arrow misses you. The wolf bites your butterfly!
Your butterfly dies!
Your butterfly disappears in a burst of colours!
The wolf bites your butterfly.
Your butterfly dies!
Your butterfly disappears in a burst of colours!
As you read the scroll labelled QOMIRU KUMILA, it crumbles to dust.
A profound silence engulfs you.
It was a scroll of silence.
The wolf misses you.
Magic scrolls do not work when you're silenced!
You barely miss the wolf. You claw the wolf.
The wolf is severely wounded.
The wolf closely misses you. The wolf bites you.
You die...

....P# #...#### #......#
c... ##....#### .P..
#.#......# .c...
####.c.h...P#
..PP.#########..c†.|c>)..##
.PPP.F#..##....(h#####....##
.P...#..........@# ##....##
.................# #P..c.##
P..................#
###....#
....##.#..###P....P#
##.c.#### .. ###..####.....#
#..c.(P.. ##..# ##P....#
##....... #...# ###....
#.....## ##..## ##..#
#.b..### ###....#### #...##


You could see a wolf and 2 centaurs.

Vanquished Creatures
  5 cane toads
  3 komodo dragons
  A troll (D:8)
  3 blink frogs (Lair:1)
  2 wyverns
  10 yaks
  A basilisk (D:8)
  A water moccasin (Sewer)
  2 orc warriors
  2 ice beasts
  2 sky beasts
  2 black bears
  An ogre (D:7)
  2 centaurs
  A phantom (D:6)
  A kobold brigand (D:7)
  4 scorpions
  5 bullfrogs
  2 necrophages
  3 killer bees (D:7)
  A howler monkey (D:8)
  2 jellies
  5 hounds
  A gnoll bouda (D:7)
  2 orc priests
  4 iguanas
  7 orc wizards
  3 gnolls (D:7)
  2 river rats (D:4)
  7 adders
  A shadow imp (D:8)
  An ufetubus (D:6)
  5 worms (D:2)
  5 dart slugs
  22 orcs
  10 bats
  5 endoplasms
  3 giant cockroaches
  6 goblins
  4 hobgoblins
  2 quokkas
  7 ball pythons
  5 frilled lizards
  7 kobolds
  5 rats
175 creatures vanquished.

Vanquished Creatures (others)
  27 fulminant prisms
  22 fungi
  24 plants
73 creatures vanquished.

Grand Total: 248 creatures vanquished

Notes
Turn   | Place    | Note
-------+----------+-------------------------------------------
     0 | D:1      | themarg the Tengu Conjurer began the quest for the Orb.
     0 | D:1      | Reached XP level 1. HP: 10/10 MP: 4/4
   395 | D:1      | Found Xoggyuz's General Store.
   399 | D:1      | Bought a scroll of identify for 22 gold pieces
   436 | D:1      | Found Yfoiz's Antique Weapon Boutique.
   443 | D:1      | Reached XP level 2. HP: 15/15 MP: 3/6
   446 | D:1      | Learned a level 2 spell: Searing Ray
   566 | D:1      | Found Gerriosoass's General Store.
  1049 | D:1      | Found a faded altar of an unknown god.
  1138 | D:2      | Reached XP level 3. HP: 19/19 MP: 1/7
  1671 | D:2      | Reached skill level 6 in Conjurations
  1672 | D:2      | Reached XP level 4. HP: 17/24 MP: 1/9
  1882 | D:2      | Identified the +5 mace of the End of Times {vorpal, rPois
                  | rF+ Int+2}
  2833 | D:3      | Found an iron altar of Okawaru.
  3033 | D:3      | Found a sparkling altar of Nemelex Xobeh.
  3034 | D:3      | Found a stormy altar of Qazlal.
  3036 | D:3      | Found an ornate altar of the Wu Jian Council.
  3191 | D:3      | Gained mutation: Your magical nature lets you fly swiftly
                  | and evasively. [Tengu growth]
  3191 | D:3      | Reached XP level 5. HP: 28/28 MP: 2/10
  3442 | D:3      | You are sucked into a shaft and drop 2 floors!
  3442 | D:5      | Entered Level 5 of the Dungeon
  3535 | D:5      | Reached skill level 7 in Conjurations
  3637 | D:5      | Noticed Sigmund
  4021 | D:4      | Reached XP level 6. HP: 32/32 MP: 6/12
  4359 | D:4      | Found a glowing drain.
  4380 | Sewer    | Entered a sewer
  4477 | Sewer    | Reached skill level 8 in Conjurations
  4482 | Sewer    | Noticed a water moccasin
  4714 | Sewer    | Learned a level 3 spell: Stone Arrow
  4719 | Sewer    | Killed a water moccasin
  5371 | D:5      | Reached XP level 7. HP: 36/36 MP: 7/14
  6478 | D:6      | Reached skill level 9 in Conjurations
  6572 | D:6      | Reached skill level 5 in Spellcasting
  6875 | D:6      | Reached skill level 10 in Conjurations
  7092 | D:6      | Reached skill level 1 in Hexes
  7092 | D:6      | Reached skill level 1 in Translocations
  7092 | D:6      | Reached XP level 8. HP: 41/41 MP: 16/16
  7283 | D:6      | Reached skill level 1 in Fighting
  7800 | D:7      | Found a staircase to the Ecumenical Temple.
  7809 | Temple   | Entered the Ecumenical Temple
  7809 | Temple   | Found a transporter.
  7809 | Temple   | Found a transporter.
  7811 | Temple   | Found a transporter.
  7811 | Temple   | Found a transporter.
  7837 | Temple   | Became a worshipper of Vehumet
  8378 | D:7      | Reached skill level 5 in Dodging
  8378 | D:7      | Reached XP level 9. HP: 52/52 MP: 9/17
  8713 | D:7      | Reached skill level 5 in Fighting
  9137 | D:8      | Found Usosuxtutuc's Magic Scroll Shoppe.
  9272 | D:8      | Noticed a troll
  9527 | D:7      | Learned a level 4 spell: Fulminant Prism
  9532 | D:7      | Learned a level 4 spell: Iskenderun's Mystic Blast
  9551 | D:8      | Noticed a komodo dragon
  9669 | D:8      | Killed a troll
  9669 | D:8      | Reached * piety under Vehumet
  9669 | D:8      | Offered knowledge of Freeze by Vehumet.
 10023 | D:8      | Reached skill level 11 in Conjurations
 10258 | D:7      | Killed a komodo dragon
 10259 | D:7      | Reached skill level 12 in Conjurations
 10259 | D:7      | Reached XP level 10. HP: 59/59 MP: 1/21
 11839 | D:8      | Found a staircase to the Lair.
 11900 | Lair:1   | Entered Level 1 of the Lair of Beasts
 12263 | Lair:1   | Noticed a cane toad
 12267 | Lair:1   | Killed a cane toad
 12268 | Lair:1   | Noticed a cane toad
 12274 | Lair:1   | Noticed an eight-headed hydra
 12276 | Lair:1   | Noticed a cane toad
 12729 | Lair:1   | Noticed a cane toad
 12737 | Lair:1   | Killed a cane toad
 12738 | Lair:1   | Reached skill level 1 in Fire Magic
 12901 | Lair:1   | Killed a cane toad
 13021 | Lair:1   | Killed a cane toad
 13292 | Lair:1   | Learned a level 5 spell: Fireball
 13446 | Lair:2   | Noticed a five-headed hydra
 13632 | Lair:2   | Reached XP level 11. HP: 68/71 MP: 6/22
 14049 | Lair:1   | Reached skill level 13 in Conjurations
 14314 | Lair:2   | HP: 2/71 [centaur/arrow (4)]
 14330 | Lair:2   | HP: 3/71 [wolf (2)]
 14334 | Lair:2   | Slain by a wolf

Illustrated notes

Levels and vault maps discovered:
D:1:      psy_arrival_radial01, layout_loops_ring, serial_shops, shop, shop,
          shop, shapermc_ecumenical_altar_gd, corexii_hall_statues_u,
          dreamdust_princess_bridge, minmay_fountain_box,
          minmay_misc_feat_cross, minmay_domino_2
D:2:      layout_loops_corners, minmay_misc_feat_roman, st_stairs_9,
          minmay_guardbox
D:3:      layout_basic, mainiacjoe_overflow_24_doors,
          grunt_temple_overflow_open, minmay_door_square
D:4:      layout_basic, portal_sewer_entry_b, minmay_statues_item
D:5:      layout_basic, kennysheep_cross_bottleneck, uniq_sigmund
D:6:      layout_basic, grunt_decor_fettered
D:7:      layout_rooms, minmay_temple_entry_ruins, grunt_ogre_cave,
          kennysheep_crisscross
D:8:      layout_loops_ring, erik_lair_dragon, serial_shops,
          nicolae_shop_statue_plus, kennysheep_generic_room_7
Temple:   hellmonk_temple_divided_pantheon
Lair:1:   layout_long_grid, lemuel_old_faithful
Lair:2:   layout_concentric_octagons, minmay_shoals_entry_centaurs,
          minmay_snake_entry_guardpost_small

Skill      XL: |  1  2  3  4  5  6  7  8  9 10 11 |
---------------+----------------------------------+-----
Conjurations   | 6 7 8 10 12 13 | 13.1
Stealth        | 3 |  3.0
Spellcasting   | 3 4 5 7 |  7.0
Hexes          | 1 2 |  2.0
Translocations | 1 2 |  2.0
Fighting       | 4 5 9 |  9.6
Dodging        | 5 |  5.0
Fire Magic     | 3 4 |  4.4

Action                   |  1- 3 |  4- 6 |  7- 9 | 10-12 || total
-------------------------+-------+-------+-------+-------++-------
Melee: Dagger            |     6 |       |       |       ||     6
       Kick              |     2 |     3 |     6 |     3 ||    14
       Peck              |     1 |       |     4 |     3 ||     8
       Mace              |       |    12 |    19 |    18 ||    49
 Cast: Magic Dart        |    32 |    48 |    46 |    20 ||   146
       Searing Ray       |     5 |    22 |    45 |    23 ||    95
       Stone Arrow       |       |     3 |    11 |     6 ||    20
       Fulminant Prism   |       |       |     8 |    19 ||    27
       Iskenderun's Myst |       |       |     4 |    39 ||    43
       Fireball          |       |       |       |     1 ||     1
  Use: Scroll            |     2 |     8 |     6 |     8 ||    24
       Potion            |       |       |       |     4 ||     4
 Stab: Sleeping          |       |     1 |       |       ||     1
Armor: Robe              |     2 |       |     9 |     5 ||    16
Dodge: Dodged            |    13 |    17 |    61 |    41 ||   132
